 Dungeon Crawl Stone Soup version 0.18-a0-1202-g796ae12 (webtiles) character file.

70016 M4edhros the Prestidigitator (level 15, 0/98 HPs)
             Began as an Octopode Artificer on Jan 31, 2016.
             Was a High Priest of Fedhas.
             Succumbed to a spriggan's poison
             ... on level 8 of the Lair of Beasts.
             The game lasted 01:10:35 (22011 turns).

M4edhros the Prestidigitator (Octopode Artificer)  Turns: 22011, Time: 01:10:35

Health: 0/98       AC:  5    Str: 15    XL:     15   Next: 31%
Magic:  15/17      EV: 18    Int: 33    God:    Fedhas [*****.]
Gold:   949        SH: 12    Dex: 17    Spells: 2 memorised, 24 levels left

rFire  . . .     SeeInvis +     y - +6 rapier of Runt {drain, Int+2}
rCold  + . .     Gourm    .     F - +0 shield
rNeg   . . .     Faith    .     v - +2 hat
rPois  .         Spirit   .     M - amulet of regeneration
rElec  .         Dismiss  .     t - ring of protection from cold
rCorr  .         Reflect  .     L - ring "Oxtoiny" {SustAt Fragile MP-9 Str+3 Int+10 SInv}
SustAt +         Harm     .     J - +4 ring of dexterity
MR     +....                    (no ring)
Stlth  ++++++....               (no ring)
                                (no ring)
                                (no ring)
                                (no ring)

@: lethally poisoned (0 -> -5), repel missiles, somewhat resistant to hostile
enchantments, very stealthy
A: almost no armour, amphibious, 8 rings, constrict 8, icy blue scales 1, rugged
brown scales 1, camouflage 1, blurry vision 2, strong 1, gelatinous body 1
a: Evolution, Sunlight, Growth, Reproduction, Rain, Renounce Religion


You were on level 8 of the Lair of Beasts.
You worshipped Fedhas.
Fedhas was extremely pleased with you.
You were near starving.

You visited 4 branches of the dungeon, and saw 24 of its levels.

You collected 2269 gold pieces.
You spent 1320 gold pieces at shops.

Inventory:

Hand Weapons
 c - the +1 hunting sling of the Hills {speed, Str+7 Stlth+}
   (You bought it in a shop on level 2 of the Orcish Mines)

   Attacks with this weapon are significantly faster.
   It affects your strength (+7).
   It makes you more stealthy.
 i - a +9 hunting sling
 y - the +6 rapier of Runt (weapon) {drain, Int+2}
   (You found it on level 6 of the Dungeon)

   A truly terrible weapon, it drains the life of those it strikes.
   It affects your intelligence (+2).
 N - a +2 falchion of protection
 Q - the +10 dagger "Venoll" {pierce, rElec Str+2}
   (You found it on level 11 of the Dungeon)

   It inflicts extra damage upon your enemies.
   It affects your strength (+2).
   It insulates you from electricity.
Missiles
 m - 243 stones (quivered)
 x - 14 poisoned sling bullets
 B - 22 curare-tipped needles
 H - 13 sling bullets of frost
 P - 20 sling bullets
Armour
 v - a +2 hat (worn)
 F - a +0 shield (worn)
Rods
 h - a +5 rod of inaccuracy (10/14)
   (You bought it in a shop on level 5 of the Dungeon)
 Z - a +4 rod of destruction (2/12)
   (You acquired it on level 7 of the Lair of Beasts)
Jewellery
 r - an uncursed amulet of magic regeneration
 t - a ring of protection from cold (left tentacle)
 J - a +4 ring of dexterity (on tentacle)
 K - an uncursed ring of teleportation
 L - the ring "Oxtoiny" (right tentacle) {SustAt Fragile MP-9 Str+3 Int+10 SInv}
   (You found it on level 9 of the Dungeon)

   [ring of sustain attributes]

   It sustains your strength, intelligence and dexterity.
   It affects your strength (+3).
   It affects your intelligence (+10).
   It affects your magic capacity (-9).
   It lets you see invisible.
   It will be destroyed if unequipped.
 M - an amulet of regeneration (around mantle)
Wands
 a - a wand of slowing (15/48)
 s - a wand of digging (18/24)
 z - a wand of confusion (30/48)
 D - a wand of flame (28/48)
 E - a wand of lightning (7/15)
 T - a wand of paralysis (8/24)
 X - a wand of slowing (20/48)
Scrolls
 j - a scroll of immolation
 n - 7 scrolls of magic mapping
 o - 5 scrolls of enchant armour
 p - 3 scrolls of fog
 w - a scroll of enchant weapon
 I - 6 scrolls of teleportation
 V - 3 scrolls of remove curse
 W - a scroll of identify
Potions
 e - 4 potions of resistance
 l - 2 potions of magic
 q - a potion of cancellation
Miscellaneous
 b - a lantern of shadows
 A - a box of beasts {used: 1}
Comestibles
 d - 2 meat rations
 f - 9 bread rations
 g - 41 fruits
 k - a slice of pizza
 O - 9 beef jerkies


   Skills:
 + Level 6.8 Fighting
 - Level 1.0 Short Blades
 * Level 12.1 Slings
 + Level 9.8 Dodging
 - Level 9.2 Stealth
 - Level 10.2 Shields
 + Level 7.4 Spellcasting
 - Level 2.4 Charms
 - Level 2.8 Air Magic
 + Level 9.9 Invocations
 * Level 13.1 Evocations


You had 24 spell levels left.
You knew the following spells:

 Your Spells              Type           Power        Failure   Level  Hunger
a - Repel Missiles        Chrm/Air       ####..       4%          2    None
b - Swiftness             Chrm/Air       ####....     4%          2    None


Dungeon Overview and Level Annotations

Branches:
Dungeon (13/15)            Temple (1/1) D:4            Lair (8/8) D:8
 Shoals (0/4) Lair:5        Snake (0/4) Lair:5        Slime (0/6) Lair:7
    Orc (2/2) D:9             Elf (0/3) Orc:2
 Vaults: D:13-14

Altars:
Ashenzari
Cheibriados
Dithmenos
Elyvilon
Fedhas
Gozag
Kikubaaqudgha
Makhleb
Nemelex Xobeh
Okawaru
Pakellas
Qazlal
Ru
Sif Muna
Trog
Vehumet
Xom
Yredelemnul
Zin
The Shining One
Beogh

Shops:
D:5 }   D:6 :   D:7 *   Orc:2 (*[:

Annotations:
D:10 Josephine
D:12 exclusion: obsidian statue
D:13 exclusion: hyperactive ballistomycete
Lair:3 exclusions: soldier ant and 5 more exclusions


Innate Abilities, Weirdness & Mutations

You cannot wear most types of armour.
You are amphibious.
You can wear up to eight rings at the same time.
You can use your tentacles to constrict eight enemies at once.
Your skin changes colour to match your surroundings (Stealth).
Your rubbery body absorbs attacks (AC +1).
You are partially covered in icy blue scales (AC +1).
You are partially covered in rugged brown scales (AC +1, +3% HP).
Scrolls take you longer to read.
Your muscles are strong. (Str +2)


Message History

Gang up on whom?
Press: ? - help, Dir - move target cursor, f - spriggan
Aim: a spriggan, wielding a rapier of venom and wearing a robe Attack!
You hear a howl!
The wolf bites your mature firesting beast. x2
The spriggan hits you with a rapier of venom!
* * * LOW HITPOINT WARNING * * *
You are lethally poisoned!
Your mature firesting beast hits the wolf.
Your mature firesting beast barely misses the wolf.
Drink which item? (? for menu, Esc to quit)
Okay, then.
Evoke which item? (* to show all) (? for menu, Esc to quit)
Zapping:
z - a wand of confusion (31/48)
Press: ? - help, Shift-Dir - straight line, f/p - spriggan
Aim: a spriggan, wielding a rapier of venom and wearing a robe (chance to defeat MR: 36%)
The spriggan easily resists.
This wand has 30 charges left.
You die...
Fedhas appreciates your contribution to the ecosystem.

♣..
♣♣...............
♣..♣
♣..♣♣............
♣..♣
♣.♣♣♣♣...........
♣..♣♣)♣
♣♣..........
♣.))†÷♣
♣..........
♣♣.h)†♣
♣..........
♣♣.H.♣
♣♣......... ♣.i.♣
♣......... ♣♣@.♣
♣.........
♣........♣
♣.........
♣........♣
♣♣........
♣....♣...♣
♣........
♣.t.♣♣♣...
.....P.P.. ♣♣(.
♣♣..♣ ......PP...
♣♣
♣.....♣..#..##.
.....♣♣♣♣.#### ##


You could see a crocodile (frenzied), a spriggan, a wolf (frenzied) and a
friendly mature firesting beast.

Vanquished Creatures
  Gastronok (Lair:2)
  An orc warlord (Orc:2)
  An ogre mage (Orc:1)
  3 hydras
  A centaur warrior (D:13)
  11 death yaks
  Urug (D:12)
  Sonja (Lair:2)
  A hill giant (D:10)
  An orc knight (Orc:2)
  5 deep elf magi (D:13)
  2 orc sorcerers (Orc:2)
  An ugly thing (D:12)
  16 elephants
  6 black mambas
  10 spiny frogs
  3 komodo dragons
  2 fire drakes
  A spriggan druid (Lair:8)
  7 trolls
  4 polar bears (Lair:8)
  A slime creature (D:12)
  5 blink frogs
  3 spriggans (Lair:8)
  A wraith (D:12)
  3 wyverns
  30 yaks
  6 redbacks (Lair:8)
  4 hippogriffs
  3 basilisks
  18 wolves
  A swamp worm (D:8)
  10 water moccasins
  3 wargs
  4 nagas (Lair:5)
  11 porcupines
  A swamp drake (D:9)
  11 orc warriors
  3 black bears
  2 ice beasts (D:12)
  A sky beast (D:9)
  4 phantoms
  An eye of draining (D:11)
  7 centaurs
  17 ogres
  16 crocodiles
  2 wandering mushrooms
  8 giant frogs
  A gnoll sergeant (Orc:1)
  4 scorpions
  A wyvern skeleton (D:12)
  7 killer bees (D:13)
  A wight (D:12)
  4 electric eels
  5 crimson imps
  3 hounds
  5 giant frog skeletons
  A quasit (D:11)
  3 centaur skeletons
  2 jellies
  12 orc priests
  14 orc wizards
  7 iguanas
  Ijyb (D:2)
  5 worker ants
  3 gnolls (Orc:1)
  7 adders
  31 river rats
  2 shadow imps
  3 worms
  3 giant geckos
  57 orcs
  7 bats
  2 giant cockroaches
  5 goblins
  11 hobgoblins
  17 jackals
  7 kobolds
  4 quokkas
  2 ball pythons
  A giant gecko skeleton (D:3)
  2 giant newts (D:1)
  3 quokka skeletons
  18 rats
  A giant spore (Orc:2)
  A toadstool (D:8)
518 creatures vanquished.

Vanquished Creatures (collateral kills)
  Maud (Orc:2)
  A death knight (D:12)
  3 death yaks
  4 orc high priests (Orc:2)
  A phantasmal warrior (D:12)
  2 orc knights (Orc:2)
  7 orc sorcerers
  5 deep elf magi
  A griffon (Lair:7)
  2 ugly things (D:12)
  An elephant (Lair:7)
  A spiny frog (Lair:7)
  2 centaur skeletons
  A kobold demonologist (D:13)
  2 komodo dragons
  A freezing wraith (D:12)
  3 centaurs
  A two-headed ogre (D:12)
  4 blink frogs
  5 slime creatures (D:12)
  The ghost of M4edhros the Sneak, an amateur OpAr (D:5)
  2 spriggans (Lair:8)
  A wyvern (D:11)
  14 yaks
  4 wraiths
  A basilisk (Lair:7)
  Eustachio (D:6)
  Grum (D:8)
  4 vampire mosquitoes (D:12)
  2 hungry ghosts
  A hippogriff (D:8)
  5 wolves
  2 soldier ants
  A water moccasin (Lair:8)
  A porcupine (D:8)
  A sky beast (D:9)
  A wasp (Lair:8)
  16 orc warriors
  4 ogres
  6 crocodiles
  A giant frog (Lair:7)
  2 scorpions
  7 killer bees
  3 wights (D:12)
  The ghost of M4edhros the Charlatan, a weakling OpAr (D:3)
  A quasit (D:11)
  A jelly (D:9)
  3 orc priests
  A giant frog skeleton (D:10)
  4 orc wizards
  2 iguanas
  3 worker ants
  A hound skeleton (D:5)
  4 gnolls (D:5)
  An adder (D:5)
  9 river rats
  A worm (D:5)
  17 orcs
  A quokka (D:8)
  2 giant spores
  A hyperactive ballistomycete (Orc:2)
183 creatures vanquished.

Vanquished Creatures (others)
  An oklob plant (D:12)
  A yak (D:8)
  A killer bee zombie (D:6)
  3 orcs (D:3)
  28 wandering mushrooms
  2 ballistomycetes
  5 bushes (D:8)
  18 fungi
  A giant spore (Lair:8)
  A hyperactive ballistomycete (D:13)
  5 plants
  652 toadstools
718 creatures vanquished.

Grand Total: 1419 creatures vanquished

Notes
Turn   | Place    | Note
--------------------------------------------------------------
     0 | D:1      | M4edhros the Octopode Artificer began the quest for the Orb.
     0 | D:1      | Reached XP level 1. HP: 13/13 MP: 3/3
   429 | D:2      | Reached XP level 2. HP: 11/18 MP: 4/4
   655 | D:3      | Found an oddly glowing altar of Pakellas.
   703 | D:3      | Reached XP level 3. HP: 23/23 MP: 5/5
   706 | D:3      | Noticed M4edhros's ghost (weakling OpAr)
  1047 | D:3      | Reached XP level 4. HP: 9/28 MP: 6/6
  1401 | D:4      | Found a staircase to the Ecumenical Temple.
  1422 | D:4      | Noticed an ogre
  1670 | D:4      | Reached skill level 4 in Stealth
  1673 | D:4      | Reached XP level 5. HP: 33/33 MP: 7/7
  1676 | D:4      | Killed an ogre
  1676 | D:4      | Reached skill level 5 in Stealth
  1697 | Temple   | Entered the Ecumenical Temple
  1732 | Temple   | Became a worshipper of Fedhas Madash
  1869 | D:1      | Reached XP level 6. HP: 32/38 MP: 9/9
  2182 | D:1      | Reached * piety under Fedhas
  2845 | D:2      | Reached ** piety under Fedhas
  2888 | D:2      | Noticed Ijyb
  2900 | D:2      | Killed Ijyb
  3033 | D:3      | Killed M4edhros's ghost
  3432 | D:4      | Reached skill level 1 in Invocations
  3539 | D:4      | Reached skill level 1 in Slings
  3539 | D:4      | Reached skill level 5 in Dodging
  3539 | D:4      | Reached skill level 6 in Stealth
  3539 | D:4      | Reached XP level 7. HP: 43/43 MP: 10/10
  3723 | D:5      | Entered Level 5 of the Dungeon
  3844 | D:5      | Noticed M4edhros's ghost (amateur OpAr)
  3849 | D:5      | Killed M4edhros's ghost
  3914 | D:5      | Killed a centaur
  3914 | D:5      | Reached skill level 7 in Stealth
  3917 | D:5      | HP: 2/43 [poison (a potion of poison)]
  4326 | D:5      | Reached XP level 8. HP: 35/48 MP: 11/11
  4599 | D:5      | Found Muborac's Gadget Shoppe.
  4854 | D:6      | Noticed Eustachio
  4869 | D:6      | Killed Eustachio
  4887 | D:6      | Found a white marble altar of Elyvilon.
  5088 | D:6      | Reached skill level 8 in Stealth
  5100 | D:6      | Found a glowing silver altar of Zin.
  5134 | D:6      | Found a shimmering altar of Xom.
  5141 | D:6      | Got a brightly glowing rapier
  5142 | D:6      | Identified the +6 rapier of Runt {drain, Int+2} (You found it on level 6 of the Dungeon)
  5168 | D:6      | Found Muawaduh's Book Shop.
  5220 | D:6      | You fall through a shaft!
  5483 | D:7      | Noticed a wyvern
  5494 | D:7      | Killed a wyvern
  5505 | D:7      | Learned a level 2 spell: Repel Missiles
  5508 | D:7      | Learned a level 2 spell: Swiftness
  5529 | D:7      | Reached skill level 9 in Stealth
  5542 | D:7      | Found a shattered altar of Ashenzari.
  5617 | D:7      | Found a radiant altar of Vehumet.
  5645 | D:7      | Found Ogestrul's General Store.
  5703 | D:7      | Reached skill level 1 in Shields
  5724 | D:7      | Found an ancient bone altar of Kikubaaqudgha.
  5840 | D:8      | Noticed a yak
  5840 | D:8      | Noticed a yak
  5879 | D:8      | Noticed Grum
  5889 | D:8      | Killed Grum
  5889 | D:8      | Reached XP level 9. HP: 45/53 MP: 12/12
  6399 | D:8      | Noticed Erica
  6439 | D:8      | Found a staircase to the Lair.
  6447 | D:8      | Reached skill level 5 in Shields
  6464 | D:8      | Reached *** piety under Fedhas
  6479 | D:8      | Reached XP level 10. HP: 44/58 MP: 9/13
  6707 | D:8      | Noticed Erica
  6707 | D:8      | Erica changed into Erica the swamp worm
  6721 | D:8      | Killed Erica the swamp worm
  7442 | D:9      | Got a flickering bone ring
  7443 | D:9      | Identified the ring "Oxtoiny" {SustAt Fragile MP-9 Str+3 Int+10 SInv} (You found it on level 9 of the Dungeon)
  7601 | D:9      | Gained mutation: Your flesh is heat resistant. [mutagenic meat]
  7602 | D:9      | Gained mutation: Scrolls take you a little longer to read. [mutagenic meat]
  7603 | D:9      | Lost mutation: Your flesh is heat resistant. [mutagenic meat]
  7604 | D:9      | Gained mutation: You are partially covered in icy blue scales (AC +1). [mutagenic meat]
  7867 | D:9      | Found a glowing golden altar of the Shining One.
  8051 | D:9      | Found a staircase to the Orcish Mines.
  8081 | D:9      | Reached **** piety under Fedhas
  8132 | D:9      | Reached skill level 1 in Spellcasting
  8147 | D:9      | Reached skill level 1 in Charms
  8152 | D:9      | Gained mutation: You are agile. (Dex +2) [mutagenic meat]
  8153 | D:9      | Gained mutation: Your magical capacity is low (-10% MP). [mutagenic meat]
  8171 | D:9      | Reached skill level 1 in Air Magic
  8427 | D:10     | Entered Level 10 of the Dungeon
  8522 | D:10     | Reached skill level 5 in Evocations
  8950 | D:10     | Noticed Josephine
  9031 | D:10     | Gained mutation: Your flesh is heat resistant. [potion of mutation]
  9031 | D:10     | Gained mutation: You are frail (-10% HP). [potion of mutation]
  9031 | D:10     | Lost mutation: Your flesh is heat resistant. [potion of mutation]
  9063 | D:10     | Lost mutation: You are frail (-10% HP). [potion of cure mutation]
  9063 | D:10     | Lost mutation: You are partially covered in icy blue scales (AC +1). [potion of cure mutation]
  9063 | D:10     | Lost mutation: You are agile. (Dex +2) [potion of cure mutation]
  9063 | D:10     | Lost mutation: Your magical capacity is low (-10% MP). [potion of cure mutation]
  9069 | D:10     | Noticed a hill giant
  9080 | D:10     | Killed a hill giant
  9080 | D:10     | Reached XP level 11. HP: 60/63 MP: 4/15
  9808 | D:11     | Got a pitted dagger
  9809 | D:11     | Identified the +10 dagger "Venoll" {pierce, rElec Str+2} (You found it on level 11 of the Dungeon)
  9883 | D:11     | Reached skill level 5 in Slings
 10092 | D:11     | Reached skill level 5 in Invocations
 10605 | D:12     | Noticed an obsidian statue
 10626 | D:12     | Noticed a green ugly thing
 10634 | D:12     | Killed a green ugly thing
 10638 | D:12     | Gained mutation: Your muscles are strong. (Str +2) [mutagenic meat]
 10639 | D:12     | Gained mutation: You are partially covered in icy blue scales (AC +1). [mutagenic meat]
 10640 | D:12     | Gained mutation: You are partially covered in rugged brown scales (AC +1, +3% HP). [mutagenic meat]
 10641 | D:12     | Gained mutation: Scrolls take you longer to read. [mutagenic meat]
 10726 | D:12     | Noticed a red ugly thing
 10796 | D:12     | Killed a red ugly thing
 11028 | D:12     | Noticed a phantasmal warrior
 11090 | D:12     | HP: 2/64 [phantasmal warrior[a death knight] (30)]
 11111 | D:12     | Killed a phantasmal warrior
 11220 | D:12     | Noticed a death knight
 11252 | D:12     | Killed a death knight
 11252 | D:12     | Reached skill level 10 in Shields
 11382 | D:12     | Noticed a deep elf mage
 11385 | D:12     | Killed a deep elf mage
 11665 | D:12     | Reached XP level 12. HP: 70/70 MP: 9/18
 11704 | D:12     | Noticed Urug
 11742 | D:12     | Killed Urug
 12135 | D:13     | Noticed a centaur warrior
 12169 | D:13     | Killed a centaur warrior
 12302 | D:13     | Noticed a sun demon
 12360 | D:13     | Reached skill level 5 in Spellcasting
 12683 | Orc:1    | Entered Level 1 of the Orcish Mines
 12846 | Orc:1    | Noticed an ogre mage
 12861 | Orc:1    | Killed an ogre mage
 13067 | Orc:1    | Found a roughly hewn altar of Beogh.
 13247 | Orc:1    | Reached XP level 13. HP: 79/79 MP: 12/21
 13353 | Orc:1    | Reached ***** piety under Fedhas
 13573 | Orc:2    | Entered Level 2 of the Orcish Mines
 13573 | Orc:2    | Noticed Maud
 13591 | Orc:2    | Killed Maud
 13603 | Orc:2    | Reached skill level 10 in Evocations
 13615 | Orc:2    | Paralysed by an orc sorcerer for 5 turns
 13852 | Orc:2    | Found Teydan Naosu's Book Emporium.
 13892 | Orc:2    | Found Ceitwox's Antique Armour Shop.
 14053 | Orc:2    | Noticed an orc warlord
 14077 | Orc:2    | Killed an orc warlord
 14121 | Orc:2    | Found a staircase to the Elven Halls.
 14193 | Orc:2    | Found Naut's General Store.
 14247 | Orc:2    | Found a roughly hewn altar of Beogh.
 14845 | Orc:2    | Found Viq Umog's Antique Weapon Shoppe.
 14853 | Orc:2    | Bought a jewelled hunting sling for 182 gold pieces
 14853 | Orc:2    | Identified the cursed +1 hunting sling of the Hills {speed, Str+7 Stlth+} (You bought it in a shop on level 2 of the Orcish Mines)
 15077 | Lair:1   | Entered Level 1 of the Lair of Beasts
 15951 | D:5      | Bought a +4 rod of inaccuracy (12/12) for 1138 gold pieces
 16070 | Lair:1   | Reached skill level 10 in Slings
 16123 | Lair:2   | Found a blossoming altar of Fedhas.
 16302 | Lair:2   | Reached skill level 11 in Evocations
 16319 | Lair:2   | Noticed Sonja
 16342 | Lair:2   | Killed Sonja
 16352 | Lair:2   | Noticed Gastronok
 16366 | Lair:2   | Killed Gastronok
 17762 | Lair:4   | Reached XP level 14. HP: 88/88 MP: 14/23
 17792 | Lair:4   | Reached skill level 5 in Fighting
 18516 | Lair:5   | Found a staircase to the Shoals.
 18524 | Lair:5   | Found a staircase to the Snake Pit.
 19584 | Lair:6   | You fall through a shaft for 2 floors!
 19584 | Lair:8   | Entered Level 8 of the Lair of Beasts
 19794 | Lair:8   | Reached skill level 12 in Evocations
 19808 | Lair:8   | Reached ****** piety under Fedhas
 20515 | Lair:7   | Identified a scroll of acquirement
 20516 | Lair:7   | Identified a +4 rod of destruction (12/12) (You acquired it on level 7 of the Lair of Beasts)
 20575 | Lair:7   | Reached XP level 15. HP: 91/97 MP: 14/25
 20809 | Lair:7   | Found a staircase to the Slime Pits.
 21383 | Lair:6   | Reached skill level 13 in Evocations
 22010 | Lair:8   | HP: 1/98 [spriggan/rapier of venom (11)]
 22011 | Lair:8   | Succumbed to a spriggan's poison

Vault maps used:
D:1:      erik_arrival_orb_chamber
D:2:      uniq_iyjb
D:3:      marbit_many_paths
D:4:      minmay_temple_entry_mist, kennysheep_generic_room_15
D:5:      serial_shops, kennysheep_little_box, first_bread
D:6:      lemuel_round_altar, lemuel_crystal_altar, serial_shops, shop,
          basic_altar, uniq_eustachio
D:7:      old_standard_altar, old_standard_altar,
          nicolae_overflow_hidden_temple, serial_shops, nicolae_shop_trees
D:8:      minmay_lair_entry_grove, blue_anna_alchemist, minivault_1, uniq_erica,
          uniq_grum
D:9:      overflow_temple_1_default, erik_orc_1
D:10:     uniq_josephine
D:11:     kennysheep_cross_room
D:12:     minivault_16, uniq_urug
D:13:     elves_outpost_lemuel
Temple:   circular_temple_13
Lair:1:   columned_hall_lemuel
Lair:2:   basic_altar, grunt_megastairs_2, lemuel_fruit_tree, uniq_sonja,
          uniq_gastronok
Lair:3:   minmay_another_anthill, grunt_megastairs_5
Lair:5:   elwin_shoals_entry_rocks, minmay_snake_entry_guardpost_small
Lair:6:   st_stairs_3, minmay_stone_trees_medium, grunt_megastairs_4
Lair:7:   minmay_lair_oklob_items, dpeg_slime_entry_corner, lemuel_fruit_fields
Lair:8:   minmay_lair_end_enchanted_forest
Orc:1:    minmay_orc_temple_a
Orc:2:    grunt_orc_gardens, grunt_orc_garden, grunt_orc_garden,
          grunt_orc_garden, grunt_orc_garden, basic_altar, uniq_maud

Action                   |  1- 3 |  4- 6 |  7- 9 | 10-12 | 13-15 || total
-------------------------+-------+-------+-------+-------+-------++-------
Melee: Short sword       |    62 |   143 |    34 |       |       ||   239
       Rapier            |       |       |    63 |    33 |   299 ||   395
       Spear             |       |       |    10 |       |       ||    10
       Dagger            |       |       |       |    41 |       ||    41
       Rod               |       |       |       |       |     9 ||     9
 Fire: Hunting sling     |       |       |    46 |   817 |   534 ||  1397
 Cast: Repel Missiles    |       |       |       |       |     1 ||     1
Invok: Evolution         |       |     1 |     7 |    14 |    17 ||    39
       Sunlight          |       |       |     2 |     1 |    10 ||    13
       Growth            |       |       |       |     2 |     1 ||     3
       Reproduction      |       |       |       |     1 |     2 ||     3
       Rain              |       |       |       |       |     1 ||     1
Evoke: Wand              |     2 |    26 |     5 |    22 |    13 ||    68
       Rod               |       |       |       |       |    64 ||    64
       Box of beasts     |       |       |       |       |     1 ||     1
  Use: Potion            |       |       |     9 |     8 |     6 ||    23
       Scroll            |       |       |     5 |    10 |    18 ||    33
 Stab: Sleeping          |     2 |     8 |    10 |     7 |    33 ||    60
       Distracted        |     1 |     3 |       |       |     1 ||     5
       Invisible         |       |       |     1 |       |       ||     1
       Confused          |       |       |     1 |       |     3 ||     4
  Eat: Beef jerky        |       |     1 |     1 |       |       ||     2
       Meat ration       |       |     1 |       |     2 |     2 ||     5
       Royal jelly       |       |     1 |       |     1 |       ||     2
       Bread ration      |       |       |     2 |     2 |     2 ||     6
       Chunk             |       |       |       |    10 |     1 ||    11
       Pizza             |       |       |       |       |     6 ||     6
